 Dungeon Crawl Stone Soup version 0.18-a0-1044-g2bb894f (webtiles) character file.

101172 Banto the Grand Gadgeteer (level 15, 0/136 HPs)
             Began as a Centaur Warper on Jan 11, 2016.
             Was the Champion of Pakellas.
             Slain by a skeletal warrior
             ... wielding a cursed +0 morningstar
              (6 damage)
             ... on level 15 of the Dungeon.
             The game lasted 01:10:23 (38408 turns).

Banto the Grand Gadgeteer (Centaur Warper)         Turns: 38408, Time: 01:10:23

Health: 0/136      AC: 21    Str: 14    XL:     15   Next: 82%
Magic:  17/36      EV: -4    Int: 10    God:    Pakellas [******]
Gold:   1152       SH:  0    Dex: 24    Spells: 0 memorised, 17 levels left

rFire  + + .     SeeInvis +     s - +3 trident (elec)
rCold  . . .     Gourm    .     a - +3 ring mail of the Albatross {rF+ MP+9 Int-2 Dex+5}
rNeg   + + +     Faith    .     R - +0 buckler "Miobehin" {Dex+4}
rPois  ∞         Spirit   .     U - +1 hat
rElec  .         Dismiss  .     B - +2 cloak
rCorr  .         Reflect  .     (no gloves)
SustAt .         Harm     .     W - +0 centaur barding {rF+}
MR     +....                    J - amulet of regeneration
Stlth  +.........               c - ring of see invisible
                                Z - +2 ring of slaying

@: petrified, very quick, somewhat resistant to hostile enchantments, very
unstealthy
A: hooves 3, thin metallic scales 1, deformed body, speed 2, mutation resistance
1, sense surroundings 1, robust 1, tough skin 3
a: Quick Charge, Device Surge, Renounce Religion


You were on level 15 of the Dungeon.
You worshipped Pakellas.
Pakellas was exalted by your worship.
You were not hungry.

You visited 3 branches of the dungeon, and saw 24 of its levels.
You also visited: Labyrinth and Sewer.

You collected 1515 gold pieces.
You spent 363 gold pieces at shops.

Inventory:

Hand Weapons
 s - a +3 trident of electrocution (weapon)
 V - a +1 longbow of flaming
Missiles
 b - 10 arrows of frost
 t - 402 arrows
Armour
 a - the +3 ring mail of the Albatross (worn) {rF+ MP+9 Int-2 Dex+5}
   (You found it on level 8 of the Dungeon)

   It affects your intelligence (-2).
   It affects your dexterity (+5).
   It protects you from fire.
   It affects your magic capacity (+9).
 B - a +2 cloak (worn)
 R - the +0 buckler "Miobehin" (worn) {Dex+4}
   (You found it on level 3 of the Lair of Beasts)

   It affects your dexterity (+4).
 U - a +1 hat (worn)
 W - a +0 centaur barding of fire resistance (worn)
 X - the cursed +6 large shield of Ignorance {rN+ AC+2 EV+2 Int-6 *Curse}
   (You took it off a minotaur in a labyrinth)

   It affects your AC (+2).
   It affects your evasion (+2).
   It affects your intelligence (-6).
   It protects you from negative energy.
   It may re-curse itself when equipped.
   It has a curse placed upon it.
Rods
 O - a +9 rod of shadows (13/13)
   (Pakellas gifted it to you on level 1 of the Lair of Beasts)
Jewellery
 c - a ring of see invisible (right hand)
 C - an uncursed ring of positive energy
 I - an uncursed ring of protection from fire
 J - an amulet of regeneration (around neck)
 P - an uncursed ring of resist corrosion
 Z - a +2 ring of slaying (left hand)
Wands
 w - a wand of teleportation (9/9)
 F - a wand of heal wounds (2/9)
 H - a supercharged wand of heal wounds (13/13)
 N - a wand of fire (10/15)
 Y - a wand of cold (6/15)
Scrolls
 d - a scroll of holy word
 e - 5 scrolls of identify
 g - 5 scrolls of fog
 h - 14 scrolls of teleportation
 q - 11 scrolls of remove curse
 E - 5 scrolls of magic mapping
 K - 2 scrolls of fear
 M - 6 scrolls of enchant armour
 Q - 4 scrolls of enchant weapon
 S - 4 scrolls of recharging
Potions
 i - 2 potions of might
 n - a potion of cancellation
 o - 3 potions of invisibility
 p - 3 potions of magic
 r - a potion of flight
 v - a potion of berserk rage
 x - 8 potions of curing
 z - 5 potions of agility
 A - a potion of brilliance
 G - 4 potions of heal wounds
 L - 2 potions of haste
Miscellaneous
 l - a fan of gales
 m - a box of beasts
 D - a lamp of fire
Comestibles
 f - 10 bread rations
 j - 19 fruits
 k - 6 meat rations
 u - 9 beef jerkies


   Skills:
 - Level 9.0 Fighting
 - Level 14.0 Polearms
 - Level 9.0 Bows
 - Level 1.1 Throwing
 - Level 6.0 Armour
 - Level 6.2 Dodging
 - Level 3.2 Shields
 - Level 1.5 Spellcasting
   Level 2.6 Translocations
 + Level 17.9 Evocations


You had 17 spell levels left.
You didn't know any spells.

Dungeon Overview and Level Annotations

Branches:
Dungeon (15/15)            Temple (1/1) D:7            Lair (8/8) D:8
  Swamp (0/4) Lair:6       Spider (0/4) Lair:4        Slime (0/6) Lair:6
    Orc (0/2) D:11         Vaults (0/5) D:14
 Depths: D:15

Altars:
Ashenzari
Cheibriados
Dithmenos
Elyvilon
Fedhas
Gozag
Kikubaaqudgha
Makhleb
Nemelex Xobeh
Okawaru
Pakellas
Qazlal
Ru
Sif Muna
Trog
Vehumet
Xom
Yredelemnul
Zin
The Shining One
Jiyva

Shops:
D:11 **!   D:12 %   D:14 =

Portals:
Hell: Lair:8

Annotations:
D:4 1 runed door
D:7 Psyche


Innate Abilities, Weirdness & Mutations

You have hooves in place of feet.
Armour fits poorly on your strangely shaped body.
You cover ground very quickly.
You have extremely tough skin (AC +3).
You are partially covered in thin metallic scales (AC +2).
You are somewhat resistant to further mutation.
You passively map a small area around you.
You are robust (+10% HP).


Message History

The jiangshi claws you!!
* * * LOW HITPOINT WARNING * * *
The jiangshi claws you but does no damage.
The phantasmal warrior blinks!
The basilisk gazes at you.
You easily resist.
The wight hits you but does no damage.
The wight hits you with an enchanted battleaxe!
* * * LOW HITPOINT WARNING * * *
The wight hits you but does no damage.
The skeletal warrior hits you with a morningstar.
The guardian mummy hits you!
* * * LOW HITPOINT WARNING * * *
The hill giant hits you but does no damage.
The phantasmal warrior blinks!
The vampire mage hits you but does no damage.
The vampire mage bites you but does no damage.
The basilisk gazes at you.
You easily resist.
The wight hits you but does no damage. x2
The skeletal warrior hits you with a morningstar!
You die...

, ,
.............#
.............##
...............
...............
............... ,
.......zZ).....,,
......)zl...... ,
* ......z@Mz.....
, **
.....WVCVZ.....
8,
.......WZp...P.
...............
...............
...............
..........?.... ,
*..............8
, * * * , ,


You could see a skeletal warrior, a jiangshi, a hill giant, a vampire mage
(invisible), a phantasmal warrior, a guardian mummy, a necromancer (invisible),
a basilisk, a shadow (invisible), 3 wights, a storm dragon zombie, a spark wasp
zombie and a golden dragon skeleton.

Vanquished Creatures
  A dire elephant (Lair:8)
  Nessos (Lair:6)
  Snorg (Lair:3)
  An ettin (D:13)
  A minotaur (Lab)
  A fire dragon (D:13)
  3 vault guards (D:14)
  Josephine (Lair:6)
  12 hydras
  A rakshasa (D:13)
  A catoblepas (D:13)
  7 centaur warriors
  A tengu warrior (D:13)
  12 death yaks
  An unseen horror (D:13)
  4 hill giants
  2 phantasmal warriors (D:10)
  A wizard (Lair:8)
  A deep elf mage (D:14)
  An orb spider (Lair:4)
  A wolf spider (D:13)
  2 ugly things
  5 griffons
  10 elephants
  A manticore (D:14)
  A centaur zombie (D:13)
  7 black mambas
  Joseph (D:7)
  A smoke demon (Lair:8)
  2 orange demons (Lair:8)
  A gargoyle (D:13)
  14 spiny frogs
  14 komodo dragons
  4 fire drakes
  A troll (D:10)
  2 ice devils (Lair:8)
  A tengu conjurer (D:14)
  2 freezing wraiths
  A red devil (Lair:8)
  Prince Ribbit (D:5)
  8 polar bears
  2 two-headed ogres (D:14)
  21 blink frogs
  A spriggan (Lair:5)
  A vampire (D:14)
  7 wraiths
  3 shadows
  2 wyverns
  81 yaks
  17 hippogriffs
  A water elemental (D:13)
  5 basilisks
  4 hungry ghosts
  Eustachio (D:5)
  A warg (Lair:1)
  Menkaure (D:4)
  2 soldier ants
  20 wolves
  6 swamp worms (Lair:6)
  16 water moccasins
  9 porcupines
  8 orc warriors
  5 ice beasts
  5 sky beasts
  A wasp (D:12)
  10 black bears
  A tengu (shapeshifter) (D:13)
  10 centaurs
  10 ogres
  5 phantoms
  16 crocodiles
  6 big kobolds
  19 giant frogs
  A gnoll sergeant (D:6)
  2 wyvern skeletons
  4 scorpions
  5 killer bees
  8 electric eels
  14 wights
  2 crimson imps
  11 hounds
  5 giant frog skeletons
  A jelly (D:8)
  24 orc wizards
  Crazy Yiuf (D:4)
  A centaur skeleton (D:5)
  7 orc priests
  11 iguanas
  10 worker ants
  22 sheep
  A killer bee zombie (D:5)
  2 giant frog simulacra (D:8)
  2 hound skeletons
  3 worker ant zombies
  7 gnolls
  20 adders
  60 river rats
  A hound simulacrum (D:8)
  4 shadow imps
  2 ufetubi (D:8)
  An adder zombie (D:7)
  3 oozes (Sewer)
  An adder skeleton (D:7)
  4 worms
  An adder simulacrum (D:8)
  4 giant geckos
  43 orcs
  6 ball pythons
  7 giant cockroaches
  A hobgoblin (D:1)
  10 jackals
  2 quokkas
  6 bats
  A giant cockroach zombie (D:6)
  A giant gecko zombie (D:8)
  4 giant newts
  9 goblins
  2 jackal skeletons
  18 kobolds
  10 rats
  2 fungi
798 creatures vanquished.

Vanquished Creatures (collateral kills)
  Rupert (Lair:5)
  A dire elephant (Lair:8)
  A hydra (D:14)
  A death knight (D:11)
  A death yak (Lair:8)
  An unseen horror (D:13)
  A sixfirhy (Lair:8)
  An orange demon (Lair:8)
  A hellwing (Lair:8)
  3 ice devils (Lair:8)
  A red devil (Lair:8)
  A basilisk (Lair:8)
  A river rat (Lair:5)
15 creatures vanquished.

Vanquished Creatures (others)
  A human (D:10)
  An ufetubus (D:8)
  2 bushes
  27 fungi
  12 plants
43 creatures vanquished.

Grand Total: 856 creatures vanquished

Notes
Turn   | Place    | Note
--------------------------------------------------------------
     0 | D:1      | Banto the Centaur Warper began the quest for the Orb.
     0 | D:1      | Reached XP level 1. HP: 17/17 MP: 3/3
   100 | D:1      | Reached XP level 2. HP: 19/25 MP: 4/4
   519 | D:2      | Reached XP level 3. HP: 22/30 MP: 5/5
   736 | D:2      | Reached skill level 3 in Polearms
  1397 | D:3      | Reached XP level 4. HP: 23/38 MP: 6/6
  1507 | D:3      | Found an ancient bone altar of Kikubaaqudgha.
  1510 | D:3      | Found a shimmering altar of Xom.
  1513 | D:3      | Found a glowing silver altar of Zin.
  1516 | D:3      | Found a glowing golden altar of the Shining One.
  1573 | D:3      | Noticed a hippogriff
  1850 | D:4      | Found a runed door.
  1850 | D:4      | Noticed an angel
  1851 | D:4      | Found a white marble altar of Elyvilon.
  1865 | D:4      | Noticed Menkaure
  1875 | D:4      | Killed Menkaure
  1875 | D:4      | Reached skill level 4 in Polearms
  1875 | D:4      | Reached XP level 5. HP: 5/46 MP: 7/7
  2397 | D:4      | Noticed an ogre
  2467 | D:4      | Killed an ogre
  2467 | D:4      | Reached XP level 6. HP: 52/52 MP: 8/8
  2496 | D:4      | Found a stormy altar of Qazlal.
  2542 | D:4      | Reached skill level 5 in Polearms
  3772 | D:4      | Noticed Crazy Yiuf
  3858 | D:4      | Killed Crazy Yiuf
  4073 | D:4      | Reached XP level 7. HP: 44/60 MP: 9/9
  4197 | D:5      | Entered Level 5 of the Dungeon
  4265 | D:5      | Reached skill level 6 in Polearms
  4289 | D:5      | Gained mutation: You are somewhat resistant to further mutation. [potion of mutation]
  4289 | D:5      | Gained mutation: Your muscles are strong. (Str +2) [potion of mutation]
  4289 | D:5      | Lost mutation: Your muscles are strong. (Str +2) [potion of mutation]
  4325 | D:5      | Reached skill level 5 in Fighting
  4326 | D:5      | Found a glowing drain.
  4596 | D:5      | Noticed Prince Ribbit
  4610 | Sewer    | Entered a sewer
  5008 | Sewer    | Reached skill level 7 in Polearms
  5180 | Sewer    | Reached XP level 8. HP: 69/69 MP: 10/10
  5509 | D:5      | HP: 2/69 [Prince Ribbit (18)]
  5857 | D:5      | Killed Prince Ribbit
  6169 | D:5      | Reached skill level 8 in Polearms
  6209 | D:5      | Noticed Eustachio
  6689 | D:5      | Killed Eustachio
  7612 | D:6      | Reached skill level 9 in Polearms
  7802 | D:6      | Reached XP level 9. HP: 67/79 MP: 11/11
  7810 | D:6      | Gained mutation: You are robust (+10% HP). [mutagenic meat]
  8035 | D:7      | Found an iron altar of Okawaru.
  8119 | D:7      | Found a blossoming altar of Fedhas.
  8119 | D:7      | Found an iron altar of Okawaru.
  8538 | D:7      | Reached skill level 10 in Polearms
  8701 | D:7      | Found a staircase to the Ecumenical Temple.
  8724 | Temple   | Entered the Ecumenical Temple
  8784 | D:7      | Noticed Joseph
  8799 | D:7      | Killed Joseph
  9104 | D:7      | Found a basalt altar of Yredelemnul.
  9104 | D:7      | Found an opulent altar of Gozag.
  9482 | D:8      | Noticed Psyche
 10034 | D:8      | Reached XP level 10. HP: 96/99 MP: 12/12
 10041 | D:8      | Got a slimy ring mail
 10052 | D:8      | Identified the +3 ring mail of the Albatross {rF+ MP+9 Int-2 Dex+5} (You found it on level 8 of the Dungeon)
 10073 | D:8      | Found an oddly glowing altar of Pakellas.
 10079 | D:8      | Became a worshipper of Pakellas the Inventive
 10171 | D:8      | Reached skill level 11 in Polearms
 10838 | D:8      | Reached * piety under Pakellas
 10969 | D:8      | Gained mutation: You are partially covered in thin metallic scales (AC +2). [mutagenic meat]
 10970 | D:8      | Gained mutation: You passively map a small area around you. [mutagenic meat]
 11021 | D:8      | Noticed a centaur warrior
 11039 | D:8      | Found a staircase to the Lair.
 11575 | D:8      | Reached skill level 1 in Shields
 11737 | D:8      | Killed a centaur warrior
 11737 | D:8      | Reached skill level 12 in Polearms
 12075 | D:8      | Reached skill level 1 in Evocations
 13111 | D:9      | Found an oddly glowing altar of Pakellas.
 13281 | D:9      | Reached ** piety under Pakellas
 13281 | D:9      | Received a gift from Pakellas
 13481 | D:9      | Reached XP level 11. HP: 49/106 MP: 13/13
 14092 | D:10     | Entered Level 10 of the Dungeon
 14229 | D:10     | Found an ancient bone altar of Kikubaaqudgha.
 14398 | D:10     | Noticed a hill giant
 14408 | D:10     | Killed a hill giant
 14408 | D:10     | Reached skill level 5 in Evocations
 14492 | D:10     | Reached *** piety under Pakellas
 14695 | D:11     | Found Taecedgh's Assorted Antiques.
 14720 | D:11     | Bought a shiny glass ring for 130 gold pieces
 14735 | D:11     | Noticed a death knight
 14736 | D:11     | Noticed a phantasmal warrior
 15319 | Lair:1   | Entered Level 1 of the Lair of Beasts
 16059 | Lair:1   | Noticed a seven-headed hydra
 16116 | Lair:1   | Killed a seven-headed hydra
 16662 | Lair:1   | Reached **** piety under Pakellas
 16662 | Lair:1   | Received a gift from Pakellas
 16662 | Lair:1   | Reached skill level 1 in Armour
 17568 | Lair:2   | Reached XP level 12. HP: 104/114 MP: 18/18
 17667 | Lair:2   | Identified a +3 rod of shadows (9/9) (Pakellas gifted it to you on level 1 of the Lair of Beasts)
 18027 | Lair:2   | Reached ***** piety under Pakellas
 18545 | Lair:3   | Noticed a five-headed hydra
 18580 | Lair:3   | Killed a five-headed hydra
 18941 | Lair:3   | Got a slimy buckler
 18952 | Lair:3   | Identified the +0 buckler "Miobehin" {Dex+4} (You found it on level 3 of the Lair of Beasts)
 19369 | Lair:3   | Reached skill level 5 in Dodging
 19424 | Lair:3   | Noticed Snorg
 19490 | Lair:3   | Killed Snorg
 19490 | Lair:3   | Reached skill level 5 in Armour
 20075 | Lair:4   | Noticed a six-headed hydra
 20104 | Lair:4   | Killed a six-headed hydra
 20605 | Lair:4   | Noticed a five-headed hydra
 20630 | Lair:4   | Killed a five-headed hydra
 21335 | Lair:4   | Found a hole to the Spider Nest.
 21661 | Lair:5   | Reached XP level 13. HP: 75/122 MP: 19/19
 22609 | Lair:5   | Reached skill level 13 in Polearms
 22785 | Lair:5   | Noticed Rupert
 22844 | Lair:5   | Paralysed by Rupert for 4 turns
 22860 | Lair:5   | Killed Rupert
 23411 | Lair:6   | Found a viscous altar of Jiyva.
 23411 | Lair:6   | Found a staircase to the Slime Pits.
 23700 | Lair:6   | Reached skill level 14 in Polearms
 23854 | Lair:6   | Reached skill level 1 in Bows
 24151 | Lair:6   | Noticed Josephine
 24495 | Lair:6   | Killed Josephine
 24495 | Lair:6   | Reached skill level 5 in Bows
 24571 | Lair:6   | Noticed Nessos
 24590 | Lair:6   | Killed Nessos
 25281 | Lair:6   | Found a staircase to the Swamp.
 25976 | Lair:7   | Reached ****** piety under Pakellas
 26062 | Lair:7   | Received a gift from Pakellas
 26137 | Lair:7   | Reached XP level 14. HP: 122/129 MP: 21/21
 26374 | Lair:7   | Reached skill level 10 in Evocations
 27011 | Lair:8   | Entered Level 8 of the Lair of Beasts
 29809 | Lair:8   | Found a burning altar of Makhleb.
 30159 | Lair:8   | Found a gateway to Hell.
 30480 | Lair:8   | Reached XP level 15. HP: 52/136 MP: 25/25
 30949 | D:10     | Identified a supercharged wand of heal wounds (13/13) (supercharged by Pakellas)
 32685 | D:11     | Found a staircase to the Orcish Mines.
 32685 | D:11     | Found Perehiak's Distillery.
 32701 | D:11     | Bought a potion of berserk rage for 65 gold pieces
 32818 | D:11     | Found a blossoming altar of Fedhas.
 33133 | D:11     | Found Liuran's Assorted Antiques.
 33196 | D:11     | Bought a knobbly pearl ring for 140 gold pieces
 33196 | D:11     | Bought a scroll labeled PARAKU GUEM for 28 gold pieces
 33435 | D:12     | Found Anisuq Diff's Food Shoppe.
 33548 | D:12     | Found a shadowy altar of Dithmenos.
 33652 | D:12     | Received a gift from Pakellas
 33811 | D:12     | Reached skill level 15 in Evocations
 35063 | D:13     | Reached skill level 16 in Evocations
 35635 | D:14     | Found Fuva's Jewellery Emporium.
 35762 | D:14     | Found a labyrinth entrance.
 35769 | Lab      | Entered a labyrinth
 37171 | D:14     | Found a blossoming altar of Fedhas.
 37180 | D:14     | Found a huge runed gate.
 37183 | D:14     | Found a huge runed gate.
 37183 | D:14     | Found a huge runed gate.
 37183 | D:14     | Found a huge runed gate.
 37246 | D:14     | Reached skill level 17 in Evocations
 37606 | D:14     | Found a gate to the Vaults.
 38393 | D:15     | Entered Level 15 of the Dungeon
 38407 | D:15     | HP: 5/136 [guardian mummy (5)]
 38408 | D:15     | Slain by a skeletal warrior

Vault maps used:
D:1:      dpeg_arrival_short_road
D:3:      grunt_temple_overflow_cloverleaf, lightli_corner_chamber
D:4:      grunt_qazlal_clouds, first_bread, lemuel_angel_altar, uniq_menkaure,
          uniq_crazy_yiuf_cottage
D:5:      portal_sewer_entry_a, st_stairs_9, uniq_eustachio, uniq_prince_ribbit1
D:7:      gammafunk_temple_overflow_elements, gammafunk_temple_overflow_wave,
          minmay_temple_entry_nine_rooms, basic_altar, serial_glass,
          glass_columns_b, glass_columns_b, grunt_ogre_cave, uniq_joseph
D:8:      minmay_quarter_circles, lair_0_dummy, serial_ice, serial_ice_g,
          serial_ice_j, serial_ice_d, serial_ice_a, grunt_pakellas_mercury,
          uniq_psyche
D:9:      nicolae_overflow_crystal_walls
D:10:     fungi_pond_lemuel, tgw_kikubaaqudgha
D:11:     orc_0_dummy, serial_shops, shop, shop, shop, fedhas_altar_2
D:12:     serial_shops, shop, grunt_dithmenos_smoke
D:13:     kennysheep_four_of_diamonds, lemuel_nasty_fountain
D:14:     lemuel_bear_cage, lightli_vaults_fourway_checkpoint,
          lab_entry_generic, basic_altar, serial_shops, shop_statue,
          serial_co_window_serial, co_window_of_opportunity_a,
          co_window_cross_1, co_window_of_opportunity_a, co_window_corner_a,
          co_window_paths_b, co_window_paths_a, co_window_corner_a,
          co_window_broadway_b, co_window_of_opportunity_c, co_window_2corner,
          glass_columns_b, feat_on_display
D:15:     gammafunk_depths_entry_grave, serial_bayou_lagoon_a
Temple:   eino_wide_crystal_templ_10
Lair:1:   beast_lair_carwin_large_4, st_stairs_12
Lair:2:   grunt_megastairs_3, lemuel_fruit_fields
Lair:3:   wad_woods_minihive, roderic_lost_polar_bear, uniq_snorg
Lair:4:   nicolae_spider_entry_orb_guardian
Lair:5:   grunt_forest_large_clearing_hut, infiniplex_staircase_pool,
          grunt_megastairs_1, uniq_rupert
Lair:6:   nicolae_swamp_entry_splash_gauntlet, slime_altar_1, uniq_josephine,
          uniq_nessos
Lair:7:   minmay_lair_venomous_thicket
Lair:8:   evil_forest, grunt_forest_large_clearings, grunt_megastairs_4,
          lemuel_fruit_fields
Lab:      labyrinth_watery, nicolae_lab_arrow, labyrinth_fake_exit,
          nicolae_lab_statue, labyrinth_skeletal_remains, lab_statue
Sewer:    sewer_co_tree

Action                   |  1- 3 |  4- 6 |  7- 9 | 10-12 | 13-15 || total
-------------------------+-------+-------+-------+-------+-------++-------
Melee: Spear             |    19 |    72 |    15 |       |       ||   106
       Dagger            |    83 |    57 |    10 |       |       ||   150
       Quarterstaff      |       |    10 |   195 |       |       ||   205
       Trident           |       |       |   255 |  1330 |  2357 ||  3942
Invok: Quick Charge      |       |       |       |     4 |     3 ||     7
       Device Surge      |       |       |       |       |     1 ||     1
       Supercharge       |       |       |       |       |     1 ||     1
Evoke: Wand              |       |     1 |       |     4 |    22 ||    27
       Rod               |       |       |       |       |    17 ||    17
       Fan of gales      |       |       |       |       |     1 ||     1
  Use: Potion            |       |     1 |     1 |       |     1 ||     3
       Scroll            |       |    13 |     6 |    10 |    10 ||    39
 Stab: Confused          |       |       |     1 |       |       ||     1
       Paralysed         |       |       |     1 |       |     5 ||     6
       Distracted        |       |       |     1 |       |     3 ||     4
       Petrifying        |       |       |       |       |     1 ||     1
  Eat: Chunk             |     1 |     7 |    19 |    24 |    36 ||    87
       Royal jelly       |       |       |       |     4 |       ||     4
       Pizza             |       |       |       |     3 |     1 ||     4
       Beef jerky        |       |       |       |     3 |       ||     3
       Fruit             |       |       |       |       |    21 ||    21
